Map: Aura mortal EE

Players

TriniHavoc

  • Race: Terran Terran
  • League: Gold
  • Spawn Location: 11:00

MrFercho - Winner!

  • Race: Zerg Zerg
  • League: Gold
  • Spawn Location: 5:00

VOD

Have the link to the VOD?

Description

Time

  • Played on: July 20, 2020, 10:34 p.m.
  • Length: 18:01
Show
View Real Time Build Order
Export as new Build Order

TriniHavoc Terran 

Build Orders: Gas First Reaper Expand 

Get SALT Encoding   

  12  0:03  SCV  
  13  0:15  SCV  
  13  0:20  Supply Depot  
  14  0:31  SCV, Refinery  
  15  0:43  Barracks  
  15  0:52  Supply Depot  
  15  0:54  SCV  
  16  1:07  SCV  
  17  1:22  SCV  
  18  1:35  Reaper  
  19  1:45  Command Center  
  19  1:48  SCV  
  20  2:00  Factory  
  20  2:02  SCV  
  21  2:09  Refinery  
  21  2:17  SCV  
  21  2:18  Barracks Reactor  
  22  2:30  Orbital Command  
  22  3:22  Barracks Reactor  
  22  3:25  Starport  
  22  3:26  Hellion x2  
  26  3:38  Factory  
  26  3:43  SCV  
  26  3:45  Orbital Command  
  27  3:55  SCV  
  28  3:57  Hellion x2  
  28  4:01  Marine x2  
  34  4:07  SCV, Starport Reactor  
  35  4:13  Engineering Bay  
  35  4:19  SCV  
  35  4:21  Factory Tech Lab  
  36  4:26  Hellion x2  
  40  4:31  SCV  
  34  5:26  Hellion x3  
  34  5:28  Liberator x2  
  46  5:42  Marine  
  46  5:46  Supply Depot  
  46  5:47  Supply Depot, Hellion x3  
  46  5:49  Supply Depot  
  53  6:09  Hellion x2  
  57  6:24  Liberator x2  
  63  6:29  Hellion  
  63  6:30  Hellion x2  
  69  6:51  Hellion x3  
  47  7:48  Hellion x3  
  53  7:52  Infernal Pre-Igniter  
  53  7:54  Liberator  
  53  7:57  SCV  
  54  8:09  SCV, Hellion x3  
  58  8:12  Missile Turret  
  52  8:28  Armory  
  52  8:31  Hellion x3  
  52  8:32  Marine x2  
  50  8:50  Marine x2  
  50  8:52  Hellion x3  
  58  8:59  Supply Depot  
  58  9:08  Marine x2  
  60  9:14  Hellion  
  58  9:25  Marine  
  58  9:26  Marine  
  44  10:09  Hellion x3  
  50  10:14  Liberator x2  
  50  10:17  Marine x2  
  58  10:25  SCV  
  59  10:31  Hellion x3  
  59  10:35  Marine x2  
  67  10:52  Hellion x3  
  67  10:53  Marine x2  
  75  11:11  Marine x2  
  74  11:46  Hellion x2  
  74  11:47  Hellion  
  78  11:48  Marine x2  
  56  12:05  Liberator x2  
  56  12:06  Marine x2  
  56  12:08  Hellion x3  
  70  12:15  Factory  
  70  12:16  Factory  
  70  12:24  Marine x2  
  70  12:29  Hellion x3  
  77  12:42  Marine  
  78  12:47  Supply Depot  
  78  12:51  Supply Depot  
  78  13:05  Supply Depot  
  78  13:09  Marine, Siege Tank  
  78  13:12  Supply Depot  
  82  13:18  Medivac  
  84  13:25  Medivac  
  86  13:41  Siege Tank  
  89  13:58  Refinery  
  89  14:01  Refinery  
  89  14:05  Marine x2  
  89  14:08  Widow Mine x2  
  95  14:23  Marine x2  
  101  14:38  Widow Mine x2  
  101  14:40  Marine  
  101  14:41  Marine  
  103  14:54  Command Center  
  103  14:55  Terran Vehicle Weapons Level 1  
  103  14:56  Factory Tech Lab  
  103  14:58  Marine x2  
  105  15:11  Factory Tech Lab  
  85  15:36  Hellion x2  
  85  15:37  Hellion x3  
  85  15:41  Liberator x2  
  101  15:47  Marine x2  
  103  15:57  Hellion  
  103  15:58  Hellion x2  
  109  16:05  Marine x2  
  109  16:06  Hellion x2  
  115  16:19  Hellion x3  
  115  16:23  Marine x2  
  123  16:30  Viking  
  125  16:51  Viking, Marine x2  
  51  17:21  Siege Tank x2  
Show
View Real Time Build Order
Export as new Build Order

MrFercho Zerg - Winner!

Build Orders: Hatch First 

Get SALT Encoding   

  12  0:01  Drone  
  13  0:12  Overlord  
  13  0:27  Drone  
  14  0:31  Drone x2  
  16  0:56  Hatchery  
  15  0:58  Drone x2  
  15  1:01  Drone  
  18  1:15  Extractor  
  18  1:17  Spawning Pool  
  16  1:19  Drone  
  16  1:23  Drone  
  18  1:31  Drone  
  19  1:43  Overlord  
  19  1:53  Drone  
  20  2:05  Queen  
  20  2:07  Drone  
  23  2:09  Queen  
  23  2:11  Drone  
  23  2:15  Drone  
  27  2:21  Drone  
  28  2:30  Drone  
  29  2:45  Metabolic Boost  
  29  2:48  Zergling x8  
  33  2:53  Queen  
  35  3:03  Evolution Chamber  
  34  3:15  Roach Warren  
  33  3:21  Drone x3  
  33  3:22  Overlord x3  
  36  3:30  Zerg Missile Weapons Level 1  
  36  3:49  Drone x8  
  44  4:13  Extractor  
  44  4:14  Drone x5  
  44  4:15  Extractor  
  47  4:18  Lair  
  45  5:15  Roach  
  45  5:16  Roach x6  
  56  5:27  Zerg Missile Weapons Level 2  
  55  5:28  Glial Reconstitution  
  55  5:29  Spine Crawler  
  54  5:43  Drone x4  
  58  6:05  Overlord  
  58  6:06  Overlord x2  
  58  6:07  Overlord  
  58  6:08  Overlord  
  58  6:22  Extractor  
  57  6:39  Hatchery, Zergling x10  
  62  6:40  Zergling x2  
  50  7:05  Spore Crawler  
  49  7:10  Spore Crawler  
  43  7:35  Spore Crawler  
  42  7:37  Spore Crawler  
  39  8:06  Drone  
  39  8:07  Drone x4  
  43  8:26  Drone x3  
  43  8:27  Drone  
  47  8:31  Queen  
  49  8:43  Queen  
  49  8:48  Zerg Ground Armor Level 1  
  52  8:55  Drone x2  
  52  8:56  Hydralisk Den, Drone x7  
  59  9:11  Queen  
  60  9:35  Hatchery  
  57  9:38  Infestation Pit, Hatchery  
  55  9:48  Ravager x3  
  49  10:09  Hydralisk x12  
  73  10:14  Grooved Spines  
  73  10:43  Drone x9  
  78  10:58  Drone x5  
  82  11:25  Muscular Augments  
  82  11:32  Hive  
  82  11:36  Hydralisk x5  
  86  11:59  Hydralisk x3  
  92  12:13  Zergling x16  
  92  12:14  Zergling x14  
  107  12:18  Queen  
  109  12:43  Overlord x4  
  109  12:58  Drone  
  109  13:02  Drone  
  109  13:03  Drone x10  
  121  13:26  Hydralisk x10  
  139  13:54  Drone x3  
  142  13:58  Extractor  
  142  14:00  Extractor  
  142  14:01  Spore Crawler x2  
  138  14:04  Drone x4  
  138  14:05  Spine Crawler x2  
  140  14:20  Hydralisk  
  140  14:22  Overlord  
  140  14:23  Overlord x5  
  142  14:28  Hatchery  
  141  14:31  Lurker Den  
  140  14:40  Spire  
  139  15:07  Drone  
  139  15:08  Drone x19  
  139  15:09  Drone x2  
  156  15:29  Seismic Spines  
  156  15:58  Extractor  
  156  15:59  Greater Spire, Extractor  
  156  16:02  Hydralisk x11  
  156  16:03  Hydralisk x9  
  194  16:27  Adaptive Talons  
  194  16:36  Spine Crawler x2  
  194  16:39  Spine Crawler  
  191  16:42  Overlord x3  
  189  17:00  Corruptor  
  189  17:01  Corruptor x11  
  164  17:35  Brood Lord  
  164  17:36  Brood Lord x3  
Tags
 
Add a new tag
Caveats
  • Supply blocks, unpowered buildings, or Contaminate may cause inaccurate times.
  • Supply counts are checked every 10 seconds.